AoeStats
← Jobington

Arena

510352639Analyzed
1v1 RM · 1d ago on Sep 30, 2026· 36m 19s· 2 players
Game mode
Random Map
Map size
Tiny (2 player)
Population
200
Speed
Normal
Resources
Standard
Victory
Conquest
Starting age
Dark Age
Ending age
Imperial Age
RankedLock teamsTeams togetherTeam positionsShared explorationLock speedFull tech treeHidden civsTurbo modeCheats
Victory
Defeat
🇸🇪 Varangians · Sweden
1095
+15
🇬🇧 Aztecs · United Kingdom
1081
-15
Jobington
10:55 Feudal Age
10:15 Loom
14:41 Castle Age
13:05 Double-Bit Axe
13:01 Horse Collar
13:12 Horse Collar
20:46 Fletching
22:34 Bodkin Arrow
29:15 Padded Archer Armor
29:27 Forging
29:18 Scale Mail Armor
36:35 Imperial Age
35:51 Iron Casting
35:32 Chain Mail Armor
38:28 Imperial Age
Macke förfan
9:59 Feudal Age
14:34 Castle Age
13:08 Double-Bit Axe
14:50 Horse Collar
21:16 Scale Barding Armor
32:25 Imperial Age
30:23 Forging
30:34 Gold Mining
31:53 Bow Saw
32:45 Wheelbarrow
32:48 Chain Barding Armor
34:23 Plate Barding Armor
35:13 Iron Casting
Connection lost

Rejoining the realm…

Still unreachable

The connection could not be restored.

Session expired

The server has moved on; the page needs a fresh start.